 Dungeon Crawl Stone Soup version 0.31-a0-303-gdc8c9485ea (webtiles) character file.

Game seed: 8198258192303351143

239 bmack86 the Chopper (level 5, -1/45 HPs)
             Began as a Minotaur Fighter on July 16, 2023.
             Was an Initiate of Okawaru.
             Slain by an orc
             ... wielding a +0 dagger
              (4 damage)
             ... on level 3 of the Dungeon.
             The game lasted 00:04:34 (2435 turns).

bmack86 the Chopper (Minotaur Fighter)              Turns: 2435, Time: 00:04:35

Health: -1/45      AC:  6    Str: 23    XL:     5   Next: 79%
Magic:  4/4        EV:  9    Int:  5    God:    Okawaru [......]
Gold:   129        SH:  4    Dex:  9    Spells: 4/4 levels left

rFire   . . .        a - +0 war axe
rCold   . . .        c - +0 buckler
rNeg    . . .        b - +0 scale mail
rPois   .            (helmet restricted)
rElec   .            (no cloak)
rCorr   .            (no gloves)
SInv    .            (no boots)
Will    .....        (no amulet) Stlth
                     (no ring)
HPRegen 0.27/turn    (no ring)
MPRegen 0.09/turn

%: no passive effects
@: no status effects
A: horns 2, retaliatory headbutt
a: Renounce Religion


You were on level 3 of the Dungeon.
You worshipped Okawaru.
Okawaru was noncommittal.
You visited 1 branch of the dungeon, and saw 3 of its levels.

You collected 129 gold pieces.

Inventory:

Hand Weapons
 a - a +0 war axe (weapon)
Missiles
 k - 2 boomerangs (quivered)
 o - 9 poisoned darts
Armour
 b - a +0 scale mail (worn)
 c - a +0 buckler (worn)
Jewellery
 d - an amulet of magic regeneration
Wands
 p - a wand of mindburst (1)
Scrolls
 h - a scroll of brand weapon {unknown}
 i - a scroll of revelation {unknown}
 j - a scroll of acquirement {unknown}
 l - a scroll of amnesia {unknown}
 m - a scroll of identify {unknown}
 n - a scroll of teleportation {unknown}
 r - a scroll of silence {unknown}
Potions
 e - 3 potions of cancellation {unknown}
 f - a potion of berserk rage {unknown}
 g - a potion of enlightenment {unknown}
 q - a potion of attraction {unknown}


   Skills:
 - Level 3.6 Fighting
 + Level 7.4 Axes
 - Level 3.6 Armour
 - Level 3.6 Shields


You had 4 spell levels left.
You didn't know any spells.
Your spell library was empty.

Dungeon Overview and Level Annotations

Branches:
Dungeon (3/15)

Altars:
Hepliaklqana
Okawaru


Innate Abilities, Weirdness & Mutations

You have a pair of horns on your head.
You reflexively headbutt those who attack you in melee.


Message History

The orc shouts! x2
You block the orc's attack.
You see here an adder corpse.
You hit the orc but do no damage. The orc hits you with a +0 club.
You slash the orc!
You kill the orc!
Okawaru accepts your kill.
The orc priest mumbles some strange prayers to Beogh against you.
Beogh smites you!
Things that are here:
a +0 club; 2 boomerangs; a +0 chain mail You barely miss the orc.
You headbutt the orc.
The orc is severely wounded.
The orc barely misses you. You block the orc's attack.
The orc priest calls upon Beogh to heal the orc.
The orc is healed somewhat.
You hit the orc. You headbutt the orc.
The orc is almost dead.
The orc hits you with a +0 club.
You hit the orc.
You kill the orc!
Okawaru accepts your kill.
You closely miss the orc priest. You headbutt the orc priest!
The orc priest is heavily wounded.
The orc priest closely misses you.
You closely miss the orc priest.
The orc priest is heavily wounded.
You block the orc priest's attack.
You closely miss the orc priest. You headbutt the orc priest.
The orc priest is severely wounded.
The orc priest mumbles some strange prayers to Beogh against you.
Beogh smites you!
* * * LOW HITPOINT WARNING * * *
You slash the orc priest!
You kill the orc priest!
Okawaru accepts your kill.
You hit the orc.
The orc is moderately wounded.
The orc hits you with a +0 dagger.
You die...

## ... .... ##### ..... #...#
......#####...# .....oo@†.....#
......#####...# ..... #...# ..(.
#...# ... #...# #############
#...# #...........# #...#
>...........########.#######
.....................##....######


You could see 2 orcs.

Vanquished Creatures
  A sky beast (D:3)
  An orc priest (D:3)
  Robin (D:2)
  A gnoll (D:3)
  An adder (D:3)
  2 worms (D:2)
  A dart slug (D:2)
  5 orcs (D:3)
  2 bats
  An endoplasm (D:3)
  2 giant cockroaches (D:2)
  8 hobgoblins
  3 jackals (D:1)
  2 quokkas
  5 ball pythons
  5 frilled lizards
  18 goblins
  7 kobolds
  9 rats
75 creatures vanquished.

Notes
Turn   | Place    | Note
-------+----------+-------------------------------------------
     0 | D:1      | bmack86 the Minotaur Fighter began the quest for the Orb.
     0 | D:1      | Reached XP level 1. HP: 19/19 MP: 0/0
   191 | D:1      | Reached skill level 3 in Axes
   474 | D:1      | Reached XP level 2. HP: 26/26 MP: 1/1
  1068 | D:2      | Reached skill level 4 in Axes
  1117 | D:2      | Reached XP level 3. HP: 6/31 MP: 2/2
  1321 | D:2      | Noticed Robin
  1334 | D:2      | Killed Robin
  1335 | D:2      | Reached skill level 5 in Axes
  1535 | D:2      | Reached XP level 4. HP: 38/39 MP: 3/3
  1929 | D:3      | Noticed a floating eye
  1932 | D:3      | Found a faded altar of an unknown god.
  1934 | D:3      | Noticed an eye of devastation
  1935 | D:3      | Noticed an eye of devastation
  1935 | D:3      | Noticed an eye of devastation
  1968 | D:3      | Found a hazy altar of Hepliaklqana.
  1995 | D:3      | Noticed a sky beast
  2003 | D:3      | Killed a sky beast
  2004 | D:3      | Reached skill level 6 in Axes
  2004 | D:3      | Reached XP level 5. HP: 45/45 MP: 4/4
  2097 | D:3      | Found an iron altar of Okawaru.
  2109 | D:3      | Reached skill level 7 in Axes
  2119 | D:3      | Became a worshipper of Warmaster Okawaru
  2433 | D:3      | HP: 2/45 [orc priest/divine providence (13)]
  2435 | D:3      | Slain by an orc

Illustrated notes

Levels and vault maps discovered:
D:1:      matt_arrival_grand_opening, layout_basic
D:2:      layout_loops_ring, dk_noncrumbling_4, glass_columns_c, minivault_24,
          uniq_robin
D:3:      layout_basic, nicolae_hepliaklqana_hazy_memory,
          okawaru_altar_gauntlet_db, hellmonk_ecumenical_altar_watching_god

Skill      XL: |  1  2  3  4  5 |
---------------+----------------+-----
Axes           | 3 4 5 6 7 |  7.4
Fighting       | |  3.6
Armour         | |  3.6
Shields        | |  3.6

Action                     |  1- 3 |  4- 6 || total
---------------------------+-------+-------++-------
  Melee: War axe           |    84 |    47 ||   131
         Headbutt          |    10 |    10 ||    20
  Throw: Boomerang         |     2 |       ||     2
    Use: Potion            |       |     1 ||     1
 Armour: Scale mail        |    40 |    15 ||    55
  Dodge: Dodged            |    45 |    25 ||    70
  Block: Buckler           |    18 |     7 ||    25

Table legend: (Time is in decaauts)
 A = Elapsed time spent in this place.
 B = Non-inter-level travel time spent in this place.
 C = Inter-level travel time spent in this place.
 D = Time resting spent in this place.
 E = Time spent auto-exploring this place.
 F = Levels seen in this place.
 G = Mean time per level.
                   A        B        C        D        E       F      G
               +--------+--------+--------+--------+--------+-----+--------+
         Total |   2472 |   2414 |     58 |      0 |   1889 |   3 |  824.0 |
       Dungeon |   2472 |   2414 |     58 |      0 |   1889 |   3 |  824.0 |
               +--------+--------+--------+--------+--------+-----+--------+

Top non-repeatable levels by time:
     D:1: 1074 daAuts
     D:2: 866 daAuts
     D:3: 531 daAuts
